 Dungeon Crawl Stone Soup version 0.21-a0-260-g9b2435e (webtiles) character file.

12373 Leszczynek the Grappler (level 11, -2/109 HPs)
             Began as a Troll Skald on Sept 7, 2017.
             Was an Elder of Zin.
             Slain by a two-headed ogre
             ... wielding a cursed -3 dire flail
              (6 damage)
             ... on level 12 of the Dungeon.
             The game lasted 00:27:35 (4737 turns).

Leszczynek the Grappler (Troll Skald)               Turns: 4737, Time: 00:27:36

Health: -2/109     AC:  7    Str: 21    XL:     11   Next: 61%
Magic:  0/13       EV:  1    Int: 10    God:    Zin [****..]
Gold:   397        SH:  0    Dex: 11    Spells: 8/12 levels left

rFire    . . .     SeeInvis +     - Unarmed
rCold    + . .     Gourm    +   s - +0 shield
rNeg     + + +     Faith    .   e - +2 robe {rC+}
rPois    ∞         Spirit   +   (helmet restricted)
rElec    .         Reflect  .   (no cloak)
rCorr    .         Harm     .   (gloves unavailable)
MR       .....                  (boots unavailable)
Stlth    +.........             x - amulet of guardian spirit
HPRegen  0.68/turn              l - ring of see invisible
MPRegen  0.13/turn              (no ring)

@: petrified, drained
A: unfitting armour, claws 3, fast metabolism 3, gourmand, regeneration 1,
shaggy fur 1, tough skin 2
a: Recite, Vitalisation, Imprison, Donate Gold, Renounce Religion


You were on level 12 of the Dungeon.
You worshipped Zin.
Zin was greatly pleased with you.
You were hungry.

You visited 2 branches of the dungeon, and saw 14 of its levels.

You collected 441 gold pieces.
You donated 44 gold pieces to Zin.

Inventory:

Hand Weapons
 b - a +0 blowgun
Missiles
 g - 6 tomahawks (quivered)
Armour
 e - a +2 robe of cold resistance (worn)
 s - a +0 shield (worn)
Jewellery
 l - a ring of see invisible (left claw)
 x - an amulet of guardian spirit (around neck)
 E - an uncursed amulet of regeneration {unknown}
Wands
 w - a wand of acid (4/15)
Scrolls
 a - a scroll of random uselessness {unknown}
 f - a scroll of blinking {unknown}
 i - 2 scrolls of teleportation
 k - 8 scrolls of remove curse {@r2}
 m - a scroll of enchant armour {unknown}
 o - a scroll of noise {unknown}
 p - 2 scrolls of enchant weapon
 y - a scroll of recharging {unknown}
 B - a scroll of magic mapping {unknown}
Potions
 c - a potion of haste
 h - a potion of might
 j - 4 potions of curing {@q1}
 n - a potion of flight
 q - a potion of heal wounds {unknown}
 t - 2 potions of resistance
 u - a potion of lignification {unknown}
 v - 2 potions of cancellation
 z - a potion of brilliance {unknown}
 A - a potion of magic
 D - a potion of agility {unknown}
Comestibles
 d - 6 bread rations
 r - 11 royal jellies
 C - a meat ration


   Skills:
 - Level 7.0(6.5) Fighting
 * Level 5.1(4.6) Throwing
 + Level 5.0(4.6) Dodging
 - Level 7.4(6.9) Shields
 - Level 11.0(10.4) Unarmed Combat
 - Level 1.2(0.8) Spellcasting
 - Level 2.0(1.5) Charms
 - Level 4.1(3.7) Invocations


You had 8 spell levels left.
You knew the following spells:

 Your Spells              Type           Power        Failure   Level  Hunger
b - Shroud of Golubria    Chrm/Tloc      #.........   50%         2    ###....
c - Song of Slaying       Chrm           #.......     38%         2    ###....


Dungeon Overview and Level Annotations

Branches:
Dungeon (13/15)            Temple (1/1) D:4            Lair (0/6) D:8
    Orc: D:9-12      Vaults: D:13-14

Altars:
Cheibriados
Dithmenos
Elyvilon
Fedhas
Hepliaklqana
Kikubaaqudgha
Nemelex Xobeh
Okawaru
Qazlal
Ru
Sif Muna
Trog
Xom
Yredelemnul
Zin
The Shining One

Shops:
D:9 :

Portals:
Trove: D:10 (give 22 scrolls of identify)

Annotations:
D:8 lair
D:10 centaur w, de archer
D:11 Fannar, Urug
D:12 exclusion: oklob plant


Innate Abilities, Weirdness & Mutations

You are too large for most types of armour.
You have claws for hands.
Your metabolism is lightning-fast.
You like to eat raw meat.
Your natural rate of healing is unusually fast.
You are covered in fur. (AC +1)
You have very tough skin. (AC +2)


Message History

You resist with some effort.
The two-headed ogre hits you with an enchanted dire flail!
The two-headed ogre hits you with a giant club!!
The basilisk bites you.
The two-headed ogre hits you with an enchanted dire flail!
The two-headed ogre hits you with a giant club!
The basilisk bites you!!
* * * LOW HITPOINT WARNING * * *
The basilisk bites you!!
* * * LOW HITPOINT WARNING * * *
The two-headed ogre hits you with an enchanted dire flail.
* * * LOW HITPOINT WARNING * * *
The two-headed ogre hits you with a giant club!
* * * LOW HITPOINT WARNING * * *
The basilisk bites you.
* * * LOW HITPOINT WARNING * * *
The two-headed ogre hits you with an enchanted dire flail.
* * * LOW HITPOINT WARNING * * *
The two-headed ogre hits you with a giant club!
You die...

######## #......# ####
#......# #...
.######......########.##
....l........'..........
.O.####lO....########.##
#@........ #.##
#####...... #.##
.....[.. +.## ##.......
#[## #####.## #..# .P
#..# #... #.#. #.#.


You could see a two-headed ogre and a basilisk.

Vanquished Creatures
  A centaur warrior (D:9)
  3 two-headed ogres
  2 unseen horrors
  An ugly thing (D:10)
  A manticore (D:11)
  A gargoyle (D:10)
  Psyche (D:10)
  2 hippogriffs
  9 yaks
  A wyvern (D:9)
  3 hungry ghosts
  A water moccasin (D:9)
  A phantom (D:7)
  4 porcupines (D:8)
  3 black bears
  5 sky beasts
  An ice beast (D:10)
  2 necrophages
  19 centaurs
  2 ogres
  A crocodile (D:8)
  2 big kobolds (D:9)
  8 bullfrogs
  A wyvern skeleton (D:10)
  2 scorpions
  5 wights (D:12)
  3 crimson imps
  2 quasits
  3 hounds
  2 orc priests
  A bullfrog skeleton (D:10)
  5 jellies
  2 orc wizards
  2 iguanas
  4 worker ants
  A hound zombie (D:9)
  2 hound skeletons
  Robin (D:4)
  11 adders
  A howler monkey skeleton (D:4)
  A shadow imp (D:9)
  5 oozes (D:8)
  2 adder skeletons (D:4)
  A worm (D:2)
  2 leopard geckos
  15 orcs
  A ball python (D:5)
  A giant cockroach (D:1)
  5 hobgoblins
  7 jackals
  6 quokkas
  2 bats
  A frilled lizard (D:3)
  14 goblins
  17 kobolds
  A quokka zombie (D:5)
  8 rats
211 creatures vanquished.

Vanquished Creatures (others)
  12 fungi (D:8)
12 creatures vanquished.

Grand Total: 223 creatures vanquished

Notes
Turn   | Place    | Note
-------+----------+-------------------------------------------
     0 | D:1      | Leszczynek the Troll Skald began the quest for the Orb.
     0 | D:1      | Reached XP level 1. HP: 19/19 MP: 1/1
    10 | D:1      | so those monster gen changes should be online now
   103 | D:1      | Reached XP level 2. HP: 27/27 MP: 2/2
   118 | D:1      | Reached skill level 3 in Unarmed Combat
   130 | D:1      | Learned a level 2 spell: Shroud of Golubria
   375 | D:3      | Reached XP level 3. HP: 29/33 MP: 0/3
   454 | D:4      | Noticed Robin
   472 | D:4      | Noticed an ogre
   554 | D:3      | Reached skill level 4 in Unarmed Combat
   592 | D:4      | Noticed a bullfrog
   601 | D:4      | Killed a bullfrog
   601 | D:4      | Reached skill level 5 in Unarmed Combat
   601 | D:4      | Reached XP level 4. HP: 41/41 MP: 1/4
   612 | D:4      | Reached XP level 5. HP: 30/48 MP: 0/5
   823 | D:4      | Killed Robin
   857 | D:4      | Found a staircase to the Ecumenical Temple.
   868 | Temple   | Entered the Ecumenical Temple
   951 | Temple   | wew lad
   977 | Temple   | Became a worshipper of Zin the Law-Giver
   977 | Temple   | Reached * piety under Zin
  1044 | D:4      | Reached skill level 6 in Unarmed Combat
  1054 | D:4      | Learned a level 2 spell: Song of Slaying
  1072 | D:4      | Reached XP level 6. HP: 51/55 MP: 6/6
  1217 | D:5      | Entered Level 5 of the Dungeon
  1266 | D:5      | Found a shimmering altar of Xom.
  1309 | D:5      | Reached skill level 7 in Unarmed Combat
  1406 | D:6      | Reached skill level 2 in Fighting
  1406 | D:6      | Reached skill level 1 in Shields
  1406 | D:6      | Reached XP level 7. HP: 65/65 MP: 7/7
  1634 | D:8      | Reached ** piety under Zin
  1660 | D:8      | Reached skill level 2 in Shields
  1660 | D:8      | Reached skill level 8 in Unarmed Combat
  1708 | D:8      | Reached skill level 3 in Fighting
  1718 | D:8      | Reached XP level 8. HP: 69/75 MP: 6/8
  1750 | D:9      | Noticed a two-headed ogre
  1792 | D:8      | Reached skill level 3 in Shields
  1852 | D:8      | Reached skill level 4 in Shields
  1898 | D:8      | Reached skill level 4 in Fighting
  1955 | D:8      | Found a bloodstained altar of Trog.
  2103 | D:7      | Found a shadowy altar of Dithmenos.
  2329 | D:8      | HP: 10/78 [porcupine's spines (6)]
  2331 | D:8      | Reached skill level 5 in Shields
  2334 | D:8      | from full hp
  2334 | D:8      | when all other took 0-20 hp
  2334 | D:8      | rng at its finest
  2433 | D:8      | Reached XP level 9. HP: 59/84 MP: 6/9
  2440 | D:8      | Found a glowing golden altar of the Shining One.
  2448 | D:8      | Reached skill level 2 in Dodging
  2455 | D:8      | Found a blossoming altar of Fedhas.
  2456 | D:8      | Found a sparkling altar of Nemelex Xobeh.
  2488 | D:8      | Found a staircase to the Lair.
  2524 | D:9      | Found Qopyll's Book Boutique.
  2556 | D:9      | Reached skill level 9 in Unarmed Combat
  2710 | D:9      | Reached skill level 3 in Dodging
  2713 | D:9      | Reached skill level 1 in Invocations
  2778 | D:9      | Killed a two-headed ogre
  2778 | D:9      | Reached skill level 5 in Fighting
  2778 | D:9      | Reached skill level 4 in Dodging
  2778 | D:9      | Reached skill level 2 in Invocations
  2928 | D:9      | Noticed a two-headed ogre
  2935 | D:9      | Killed a two-headed ogre
  2935 | D:9      | Reached skill level 5 in Dodging
  2935 | D:9      | Reached skill level 6 in Shields
  2935 | D:9      | Reached XP level 10. HP: 45/96 MP: 4/11
  3048 | D:9      | Reached skill level 3 in Invocations
  3071 | D:10     | Entered Level 10 of the Dungeon
  3072 | D:10     | Found a portal to a secret trove of treasure.
  3148 | D:10     | trove: 22 ?id
  3148 | D:10     | sure lol
  3161 | D:10     | Noticed a deep elf archer
  3162 | D:10     | Noticed a centaur warrior
  3162 | D:10     | fuck these funny layouts
  3322 | D:9      | Reached skill level 6 in Fighting
  3330 | D:9      | Noticed a centaur warrior
  3331 | D:9      | the first turn in sight, two !!s
  3335 | D:9      | HP: 19/98 [centaur warrior/arrow (4)]
  3342 | D:9      | HP: 19/98 [poisoned by a water moccasin]
  3453 | D:9      | Killed a centaur warrior
  3453 | D:9      | Reached skill level 10 in Unarmed Combat
  3453 | D:9      | Reached skill level 4 in Invocations
  3578 | D:10     | Noticed a gargoyle
  3586 | D:9      | Reached skill level 1 in Throwing
  3631 | D:10     | Killed a gargoyle
  3637 | D:10     | Reached skill level 2 in Throwing
  3656 | D:10     | Noticed a red ugly thing
  3669 | D:10     | Killed a red ugly thing
  3669 | D:10     | Reached XP level 11. HP: 71/106 MP: 8/13
  3700 | D:10     | Reached *** piety under Zin
  3708 | D:10     | Noticed a centaur warrior
  3709 | D:10     | two centaur warriors
  3709 | D:10     | completely open level
  3709 | D:10     | well, on this half at least
  3729 | D:9      | that's second haste gone
  3835 | D:10     | Noticed an unseen horror
  3851 | D:10     | Killed an unseen horror
  3851 | D:10     | Reached skill level 7 in Shields
  3897 | D:11     | Noticed Psyche
  3939 | D:10     | Killed Psyche
  3939 | D:10     | Reached skill level 3 in Throwing
  4120 | D:11     | Noticed a seven-headed hydra
  4122 | D:11     | Noticed Fannar
  4206 | D:13     | Noticed a two-headed ogre
  4206 | D:13     | Noticed an eight-headed hydra
  4206 | D:13     | Noticed a centaur warrior
  4207 | D:13     | centaurs, centaurs everywhere
  4259 | D:11     | Reached skill level 4 in Throwing
  4271 | D:11     | Noticed an unseen horror
  4279 | D:11     | Noticed a two-headed ogre
  4304 | D:11     | Killed a two-headed ogre
  4306 | D:11     | Killed an unseen horror
  4306 | D:11     | Reached skill level 7 in Fighting
  4328 | D:11     | Noticed Urug
  4365 | D:11     | Reached skill level 11 in Unarmed Combat
  4447 | D:12     | Reached **** piety under Zin
  4497 | D:12     | Noticed an oklob plant
  4528 | D:12     | Reached skill level 5 in Throwing
  4716 | D:12     | Noticed a two-headed ogre
  4735 | D:12     | HP: 20/109 [basilisk (8)]
  4736 | D:12     | HP: 7/109 [two-headed ogre/enchanted dire flail (3)]
  4737 | D:12     | Slain by a two-headed ogre

Vault maps used:
D:1:      scummos_arrival_checkerplants, minmay_crystal_water
D:2:      ashenzari_altar_1, makhleb_blood_cavern_becter, fedhas_altar_2
D:3:      lemuel_coloured_pillars_altar
D:4:      minmay_temple_entry_junction, uniq_robin
D:5:      dancing_weapons_uskayaw, xom_butterflies, first_bread
D:6:      hex_intersection, kb_lookout_dungeons_type, uniq_duvessa
D:7:      hangedman_abyss_or_decor_stabs, grunt_dithmenos_shadows
D:8:      overflow_temple_1_default, minitemple, due_lair_maze_entry_diamond,
          hangedman_little_slice_of_home
D:9:      gammafunk_temple_overflow_elements, serial_shops, shop
D:10:     minmay_bloctagon_deflated, nicolae_trove_entry_crossroad
D:11:     minmay_cornered_nines, minmay_orc_entry_temple_small,
          grunt_tough_drop, uniq_psyche, uniq_fannar, uniq_urug
D:12:     lemuel_oklob_altar, uniq_sonja
D:13:     grunt_vaults_entry_tiered, serial_shops,
          nicolae_shop_overgrown_old_shop, shop, shop, minivault_14,
          grunt_ministairs_2
Temple:   minmay_temple_curvy_loop

Skill      XL: |  1  2  3  4  5  6  7  8  9 10 11 |
---------------+----------------------------------+-----
Unarmed Combat | 3 5 6 7 8 9 10 11 | 11.0
Fighting       | 2 3 4 5 6 7 |  7.0
Shields        | 1 2 5 6 7 |  7.4
Dodging        | 5 |  5.0
Invocations    | 2 4 |  4.1
Throwing       | 2 5 |  5.1
Spellcasting   | |  1.2
Charms         | |  2.0

Action                   |  1- 3 |  4- 6 |  7- 9 | 10-12 || total
-------------------------+-------+-------+-------+-------++-------
Melee: Unarmed           |    75 |    82 |   253 |   314 ||   724
Throw: Tomahawk          |       |       |     5 |     2 ||     7
 Cast: Shroud of Golubri |     2 |     3 |       |     2 ||     7
Invok: Vitalisation      |       |       |       |     1 ||     1
Evoke: Wand              |       |       |     2 |     2 ||     4
  Use: Scroll            |       |     7 |     7 |     2 ||    16
       Potion            |       |       |       |     2 ||     2
 Stab: Sleeping          |     1 |       |     1 |       ||     2
       Distracted        |     1 |       |       |       ||     1
  Eat: Chunk             |    10 |     9 |    22 |    13 ||    54
       Royal jelly       |       |       |       |     1 ||     1
Armor: Robe              |    30 |    21 |    59 |    52 ||   162
Dodge: Dodged            |    30 |    36 |    63 |   147 ||   276
Block: Shield            |       |       |   109 |   190 ||   299

Table legend:
 A = Spawn XP
 B = Non-spawn XP
 C = Spawn XP percentage of total XP
 D = Spawn monster count
 E = Non-spawn monster count
 F = Spawn count percentage of total count
 G = Total turns spent on level
                    A         B        C        D         E        F      G
               +---------+---------+-------+---------+---------+-------+---------
         Total |       0 |   17677 |   0.0 |       0 |     211 |   0.0 |  4737
               +---------+---------+-------+---------+---------+-------+---------
           D:1 |       0 |      21 |   0.0 |       0 |      14 |   0.0 |   139
           D:2 |       0 |      11 |   0.0 |       0 |       5 |   0.0 |   132
           D:3 |       0 |      84 |   0.0 |       0 |      16 |   0.0 |   378
           D:4 |       0 |     387 |   0.0 |       0 |      24 |   0.0 |   423
           D:5 |       0 |     157 |   0.0 |       0 |       5 |   0.0 |   181
           D:6 |       0 |     265 |   0.0 |       0 |       4 |   0.0 |   135
           D:7 |       0 |     224 |   0.0 |       0 |       5 |   0.0 |   270
           D:8 |       0 |    1801 |   0.0 |       0 |      30 |   0.0 |   779
           D:9 |       0 |    5948 |   0.0 |       0 |      53 |   0.0 |   969
          D:10 |       0 |    3963 |   0.0 |       0 |      19 |   0.0 |   427
          D:11 |       0 |    4352 |   0.0 |       0 |      28 |   0.0 |   319
          D:12 |       0 |     464 |   0.0 |       0 |       8 |   0.0 |   438
               +---------+---------+-------+---------+---------+-------+---------
